 Dungeon Crawl Stone Soup version 0.31-a0-175-g9f7f995f2b (webtiles) character file.

Game seed: 14263373120728430790

49 qw the Chopper (level 3, -11/23 HPs)
             Began as a Gargoyle Fighter on June 17, 2023.
             Mangled by Sigmund
             ... wielding a +2 heavy scythe
              (14 damage)
             ... on level 2 of the Dungeon.
             The game lasted 00:00:34 (1177 turns).

qw the Chopper (Gargoyle Fighter)                   Turns: 1177, Time: 00:00:35

Health: -11/23     AC: 10    Str: 21    XL:     3   Next: 77%
Magic:  3/3        EV:  9    Int:  8    God:
Gold:   75         SH:  4    Dex:  9    Spells: 2/2 levels left

rFire   . . .        Y - +2 war axe
rCold   . . .        c - +0 buckler
rNeg    + . .        b - +0 scale mail
rPois   inf          (no helmet)
rElec   +            (no cloak)
rCorr   .            (no gloves)
SInv    .            (no boots)
Will    .....        (no amulet) Stlth
                     (no ring)
HPRegen 0.23/turn    (no ring)
MPRegen 0.08/turn

%: no passive effects
@: no status effects
A: sickness immunity, AC +3, negative energy resistance 1, electricity
resistance, torment resistance 1, petrification resistance
a: no special abilities


You were on level 2 of the Dungeon.
You visited 1 branch of the dungeon, and saw 2 of its levels.

You collected 75 gold pieces.


Innate Abilities, Weirdness & Mutations

You are immune to sickness and miasma.
Your stone body is resilient. (AC +3)
You are immune to poison.
You resist negative energy. (rN+)
You are resistant to electric shocks. (rElec)
You are resistant to unholy torment.
You are immune to petrification.


   Skills:
 - Level 3.2 Fighting
 + Level 3.6 Axes
 - Level 3.2 Armour
 - Level 3.2 Shields


You had 2 spell levels left.
You didn't know any spells.
Your spell library was empty.

Inventory:

Hand Weapons
 k - a +0 club
 Y - a +2 war axe (weapon)
Armour
 b - a +0 scale mail (worn)
 c - a +0 buckler (worn)
 f - a +0 plate armour
Jewellery
 a - the ring of Loemuali {Wiz rF+ Dex+3}
   (You found it on level 2 of the Dungeon)

   [ring of wizardry]

   It improves your spell success rate.
   Dex:       It affects your dexterity (+3).
   rF:        It protects you from fire.
Scrolls
 h - a scroll of identify
Potions
 d - a potion of might
 e - a potion of cancellation {unknown}
 g - a potion of curing {unknown}

Dungeon Overview and Level Annotations

Branches:
Dungeon (2/15)

Altars:

Annotations:
D:2 Sigmund


Message History

Sigmund casts a spell at you.
You are confused.
Sigmund casts a spell at you. The puff of flame hits you!
Sigmund completely misses you. Sigmund misses you.
You feel less confused. Sigmund barely misses you.
Enter note:
Enter note:
Enter note:
Enter note:
Enter note:
Enter note: You closely miss Sigmund.
Sigmund completely misses you.
You hit Sigmund.
Sigmund is lightly wounded.
You closely miss Sigmund.
Sigmund is lightly wounded.
Sigmund casts a spell at you. The puff of flame hits you!
You hit Sigmund.
Sigmund is moderately wounded.
Sigmund casts a spell.
Sigmund flickers and vanishes!
Deactivating autopickup; reactivate with Ctrl-A.
You slash something! Something hits you.
You miss something.
You hear some strange, mumbled words.
A puff of flame appears from out of thin air!
You block the puff of flame.
You closely miss something. Something hits you.
You closely miss something. You miss something. Something hits you!
Ouch! That really hurt!
You die...

) #...##.## ##.###
....#####.#.#.## ##.<.##
..........#..#####..#.#.
....####..######...##...
. ##..###.##.####.##
#.....#..#.## #.##
#.###.......###.#. #.#
###......#.... #@#
###.##....## #{#
####.##...... #.#
#..........## ...
#.##.###...## ...
..##.###...#. ..^..
............. .....
#####.#...... ......#
#........ #.#......


There were no monsters in sight!

Vanquished Creatures
  An adder (D:2)
  A worm (D:2)
  2 dart slugs (D:1)
  3 bats
  2 endoplasms
  4 giant cockroaches
  4 goblins (D:1)
  2 hobgoblins (D:1)
  3 quokkas
  2 ball pythons
  3 kobolds
  2 rats (D:1)
29 creatures vanquished.

Notes
Turn   | Place    | Note
-------+----------+-------------------------------------------
     0 | D:1      | qw the Gargoyle Fighter began the quest for the Orb.
     0 | D:1      | Reached XP level 1. HP: 14/14 MP: 1/1
     0 | D:1      | 0 ||| qw: Version: 0.3-a-2-g5ab2908
     0 | D:1      | 0 ||| qw: Game counter: 346
     0 | D:1      | 0 ||| qw: Always use a shield: true
     0 | D:1      | 0 ||| qw: God list: Okawaru
     0 | D:1      | 0 ||| qw: Allow faded altars: false
     0 | D:1      | 0 ||| qw: Do Orc after D:15 true
     0 | D:1      | 0 ||| qw: Do second Lair branch before Depths: true
     0 | D:1      | 0 ||| qw: Lair rune preference: random
     0 | D:1      | 0 ||| qw: Plans: Normal, Zot:1-4, Slime:5, God:TSO, Crypt,
                  | Tomb, Abyss, Pan, Hells, Win
     0 | D:1      | 0 ||| PLANNING D:1-11
   217 | D:1      | Reached XP level 2. HP: 19/19 MP: 2/2
   766 | D:1      | Reached skill level 3 in Axes
   769 | D:1      | Reached XP level 3. HP: 22/23 MP: 3/3
   926 | D:1      | 926 ||| READING 2 scrolls labelled XILAOPR JEMIM.
   927 | D:1      | 927 ||| READING scroll of enchant weapon.
   927 | D:1      | 927 ||| ENCHANTING +1 war axe.
   928 | D:1      | 928 ||| READING scroll labelled AMIRCH NAS TYW.
   931 | D:1      | 931 ||| READING scroll labelled TOIGUI TIGOA.
   932 | D:1      | 932 ||| READING scroll labelled COUGECO ZENUL.
  1038 | D:2      | Identified the ring of Loemuali {Wiz rF+ Dex+3}
  1159 | D:2      | Noticed Sigmund
  1173 | D:2      | HP: 4/23 [something (3)]
  1177 | D:2      | Mangled by Sigmund

Levels and vault maps discovered:
D:1:      scummos_arrival_checkerplants, layout_loops_corners
D:2:      layout_rooms, amethyst_killhole, minmay_tall_x, uniq_sigmund,
          uniq_jessica

Skill      XL: |  1  2 |
---------------+-------+-----
Axes           | 2 3 |  3.6
Fighting       | |  3.2
Armour         | |  3.2
Shields        | |  3.2

Action                     || total
---------------------------++-------
  Melee: War axe           ||   101
    Use: Scroll            ||     5
 Armour: Scale mail        ||    50
  Dodge: Dodged            ||    36
  Block: Buckler           ||    21

Table legend:
 A = Non-vault XP
 B = Vault XP
 C = Vault XP percentage of total XP
 D = Non-vault monster count
 E = Vault monster count
 F = Vault count percentage of total count
                 A         B        C        D         E       F
            +---------+---------+-------+---------+---------+-------
      Total |      71 |       0 |   0.0 |      29 |       0 |   0.0
            +---------+---------+-------+---------+---------+-------
        D:1 |      38 |       0 |   0.0 |      19 |       0 |   0.0
        D:2 |      33 |       0 |   0.0 |      10 |       0 |   0.0
            +---------+---------+-------+---------+---------+-------
